[Event "Titled Tuesday Blitz July 11 Early 2023"]
[White "Tymrakiewicz, Rafal"]
[Black "Shuvalova, Polina"]
[WhiteFideId "1108832"]
[BlackFideId "24171760"]
[WhiteElo "2409"]
[BlackElo "2688"]
[Result "0-1"]
[Round "1"]
[TimeControl "180+2"]
[Date "2023.07.11"]
[WhiteClock "0:00:00"]
[BlackClock "0:00:23"]
[Board "91"]

1. d4 Nf6 2. Bg5 c5 3. d5 Qb6 4. Bc1 g6 5. Nc3 Bg7 6. e4 O-O 7. Nf3 d6 8. h3 e6 9. Be2 exd5 10. exd5 Re8 11. O-O Nbd7 12. Bf4 a6 13. Rb1 Qc7 14. a4 b6 15. Re1 Bb7 16. Qd2 Ne4 17. Nxe4 Rxe4 18. c4 Rae8 19. Bd3 Rxe1+ 20. Rxe1 Rxe1+ 21. Qxe1 Ne5 22. Nxe5 Bxe5 23. Bxe5 dxe5 24. g4 f6 25. b3 Kg7 26. Qe4 Qd6 27. h4 Bc8 28. Qf3 Qd7 29. g5 f5 30. Qe2 Qd6 31. Kg2 f4 32. Be4 a5 33. Qf3 Bd7 34. Kf1 h6 35. gxh6+ Kxh6 36. Qg2 Qf6 37. f3 Bf5 38. Qc2 Bh3+ 39. Ke2 Bd7 40. Kd3 Qxh4 41. Qg2 g5 42. Kc3 g4 0-1


[Site "https://www.chess.com"]

[Event "Titled Tuesday Blitz July 11 Early 2023"]
[White "NikaVolkov"]
[Black "Gaal, Zsoka"]
[BlackFideId "777765"]
[WhiteElo "2686"]
[BlackElo "2406"]
[Result "1-0"]
[Round "1"]
[TimeControl "180+2"]
[Date "2023.07.11"]
[WhiteClock "0:00:17"]
[BlackClock "0:00:03"]
[Board "92"]

1. d4 f5 2. Nf3 Nf6 3. e3 g6 4. c4 Bg7 5. Be2 d6 6. O-O O-O 7. Nc3 Nbd7 8. d5 Ne5 9. Nd4 c5 10. Nf3 Ne4 11. Qc2 Nxc3 12. bxc3 b6 13. Bd2 Nxf3+ 14. Bxf3 Ba6 15. Be2 Qd7 16. e4 Rae8 17. Rae1 f4 18. h3 e6 19. Qd3 h5 20. g3 exd5 21. Qxd5+ Kh7 22. Bxf4 Rxf4 23. gxf4 Bb7 24. Qg5 Bxe4 25. Qg3 Qd8 26. Bd3 h4 27. Qe3 Bc6 28. Qd2 Rf8 29. Be4 Bd7 30. Qe3 Qf6 31. Rd1 Qxf4 32. Qxf4 Rxf4 33. f3 Be5 34. Kg2 Rf8 35. Rfe1 Kh6 36. Bc2 g5 37. Rxe5 dxe5 38. Rxd7 Rf4 39. Rh7# 1-0


[Site "https://www.chess.com"]

[Event "Titled Tuesday Blitz July 11 Early 2023"]
[White "arenal72"]
[Black "Skatchkov, Pavel"]
[BlackFideId "4121848"]
[WhiteElo "2406"]
[BlackElo "2686"]
[Result "1-0"]
[Round "1"]
[TimeControl "180+2"]
[Date "2023.07.11"]
[WhiteClock "0:01:51"]
[BlackClock "0:00:09"]
[Board "93"]

1. e4 e5 2. Nf3 Nf6 3. Nc3 Nc6 4. h3 g6 5. g4 Bg7 6. d3 d5 7. Bg2 dxe4 8. Nxe4 Nxe4 9. dxe4 Qxd1+ 10. Kxd1 O-O 11. c3 Be6 12. Kc2 f5 13. gxf5 gxf5 14. Ng5 Bd7 15. Be3 fxe4 16. Bxe4 1-0


[Site "https://www.chess.com"]

[Event "Titled Tuesday Blitz July 11 Early 2023"]
[White "Lavrik, Dmitry"]
[Black "whiteglovethief"]
[WhiteFideId "24113190"]
[WhiteElo "2684"]
[BlackElo "2406"]
[Result "0-1"]
[Round "1"]
[TimeControl "180+2"]
[Date "2023.07.11"]
[WhiteClock "0:00:04"]
[BlackClock "0:00:41"]
[Board "94"]

1. Nf3 Nf6 2. g3 g6 3. Bg2 Bg7 4. O-O O-O 5. c4 d6 6. Nc3 c5 7. d4 Nc6 8. dxc5 dxc5 9. Be3 Qa5 10. Qa4 Nd7 11. Qb5 a6 12. Qxa5 Nxa5 13. Nd2 Rb8 14. Bf4 Bxc3 15. bxc3 e5 16. Bh6 Rd8 17. Bd5 Nb6 18. e4 Be6 19. Bg5 Rd7 20. Rad1 Kg7 21. Be3 Rc8 22. Nb3 Bh3 23. Rfe1 Bg4 24. Nxc5 Bxd1 25. Nxd7 Nxd7 26. Rxd1 Nf6 27. Rb1 Nxc4 28. Bxb7 Nxe3 29. Bxc8 Nc4 30. Bxa6 Nd2 31. Rb7 Nfxe4 32. Bc4 Nxc4 33. Rb4 Ncd2 34. a4 Nxc3 35. Rb5 Nxb5 0-1


[Site "https://www.chess.com"]

[Event "Titled Tuesday Blitz July 11 Early 2023"]
[White "Villuendas Valero, Adrian"]
[Black "Lorparizangeneh, Shahin"]
[WhiteFideId "2262460"]
[BlackFideId "12521604"]
[WhiteElo "2403"]
[BlackElo "2683"]
[Result "0-1"]
[Round "1"]
[TimeControl "180+2"]
[Date "2023.07.11"]
[WhiteClock "0:00:10"]
[BlackClock "0:01:59"]
[Board "95"]

1. e4 e5 2. Nf3 Nc6 3. Bc4 Nf6 4. d3 Be7 5. O-O O-O 6. c3 d6 7. h3 Na5 8. Bb5 a6 9. Ba4 b5 10. Bc2 c5 11. Nbd2 Re8 12. Re1 Bf8 13. Nf1 Nc6 14. Ng3 d5 15. a4 b4 16. Bg5 bxc3 17. bxc3 d4 18. cxd4 cxd4 19. Nh5 Be7 20. Nxf6+ Bxf6 21. Bxf6 Qxf6 22. a5 Be6 23. Nd2 Nb4 24. Rb1 Rab8 25. Nb3 Rec8 26. Re2 Rc3 27. Nc1 Qd8 28. Bb3 Nxd3 29. Bxe6 Rxb1 30. Bxf7+ Kxf7 31. Rc2 Rxc1 32. Rxc1 Rxc1 33. Qxc1 Nxc1 0-1


[Site "https://www.chess.com"]

[Event "Titled Tuesday Blitz July 11 Early 2023"]
[White "Tregubov, Pavel V."]
[Black "cedchass2006"]
[WhiteFideId "4115341"]
[WhiteElo "2681"]
[BlackElo "2400"]
[Result "1-0"]
[Round "1"]
[TimeControl "180+2"]
[Date "2023.07.11"]
[WhiteClock "0:00:23"]
[BlackClock "0:00:06"]
[Board "96"]

1. e4 e5 2. Nf3 Nc6 3. Bb5 a6 4. Ba4 Nf6 5. d4 b5 6. Bb3 exd4 7. O-O d6 8. a4 Bg4 9. h3 Bxf3 10. Qxf3 Be7 11. axb5 axb5 12. Rxa8 Qxa8 13. Qe2 Qb7 14. Na3 b4 15. Nc4 O-O 16. e5 dxe5 17. Nxe5 Nxe5 18. Qxe5 Bd6 19. Qxd4 Qe4 20. Be3 Qxd4 21. Bxd4 Re8 22. Ra1 h6 23. Kf1 Nd7 24. Ra5 Be5 25. Rd5 Bd6 26. Rf5 Re7 27. g3 Ne5 28. f4 Nc6 29. Bf2 g6 30. Rb5 Kg7 31. Bd5 Nd8 32. Bd4+ f6 33. Rb8 Nf7 34. Ra8 c5 35. Bf2 Rd7 36. Rc8 Rc7 37. Rxc7 Bxc7 38. Bxc5 Bd6 39. Bd4 g5 40. Be3 Kg6 41. Ke2 gxf4 42. gxf4 Kf5 43. Bxf7 Bxf4 44. Bxf4 Kxf4 45. c4 bxc3 46. bxc3 f5 47. c4 Ke4 48. Bd5+ Ke5 49. Kf3 Kd4 50. Kf4 Kc5 51. Kxf5 Kd6 52. Kg6 Ke5 53. Kxh6 Kf6 54. c5 1-0


[Site "https://www.chess.com"]

[Event "Titled Tuesday Blitz July 11 Early 2023"]
[White "Rian, Kapriaga"]
[Black "Nagare Kaivalya Sandip"]
[WhiteFideId "7103263"]
[BlackFideId "25957929"]
[WhiteElo "2397"]
[BlackElo "2677"]
[Result "0-1"]
[Round "1"]
[TimeControl "180+2"]
[Date "2023.07.11"]
[WhiteClock "0:00:00"]
[BlackClock "0:00:45"]
[Board "97"]

1. d4 Nf6 2. Nf3 d5 3. Bf4 e6 4. e3 c5 5. Nbd2 Nc6 6. c3 Bd6 7. Ne5 Qc7 8. Bb5 O-O 9. Ndf3 Nd7 10. Nxd7 Bxd7 11. Bxd6 Qxd6 12. O-O a6 13. Bxc6 Bxc6 14. a3 c4 15. Nd2 f6 16. f4 b5 17. Qh5 Rae8 18. Rf3 Re7 19. Raf1 Be8 20. Qh4 Bg6 21. Rh3 h6 22. Rg3 Kh7 23. Rff3 a5 24. Rh3 b4 25. g4 bxc3 26. bxc3 Qxa3 27. g5 Qc1+ 28. Nf1 fxg5 29. fxg5 Rxf3 30. Rxf3 h5 31. Qf2 a4 32. Rf8 a3 33. Qf4 e5 34. dxe5 a2 35. e6 a1=Q 36. Qb8 Qxe3+ 37. Kg2 Be4+ 0-1


[Site "https://www.chess.com"]

[Event "Titled Tuesday Blitz July 11 Early 2023"]
[White "Begmuratov, Alisher"]
[Black "Ahn, Hongjin"]
[WhiteFideId "14203367"]
[BlackFideId "13201492"]
[WhiteElo "2676"]
[BlackElo "2396"]
[Result "1-0"]
[Round "1"]
[TimeControl "180+2"]
[Date "2023.07.11"]
[WhiteClock "0:00:29"]
[BlackClock "0:00:01"]
[Board "98"]

1. e4 c5 2. d4 cxd4 3. c3 dxc3 4. Nxc3 Nc6 5. Nf3 d6 6. Bc4 e6 7. O-O a6 8. Qe2 Nge7 9. Rd1 Qc7 10. Bg5 Ng6 11. Rac1 h6 12. Nd5 Qb8 13. Nb6 hxg5 14. Nxa8 Qxa8 15. Nxg5 Be7 16. Nf3 Bd7 17. Bb3 Qa7 18. g3 Qb6 19. h4 Nge5 20. Nxe5 Nxe5 21. Rc2 Bc6 22. Rcd2 g5 23. hxg5 Bxg5 24. Rxd6 Qc5 25. R6d5 exd5 26. exd5 Qe7 27. dxc6 O-O 28. cxb7 Ng6 29. Qg4 Kg7 30. Qc8 Bf6 31. Rc1 Qe4 32. Qxf8+ Nxf8 33. b8=Q Bd4 34. Qf4 Qd3 35. Qxf7+ Kh6 36. Qxf8+ Kg5 37. Qf4+ Kg6 38. Rc6+ 1-0


[Site "https://www.chess.com"]

[Event "Titled Tuesday Blitz July 11 Early 2023"]
[White "Rios Escobar, Adan"]
[Black "Parkhov, Yair"]
[WhiteFideId "3403645"]
[BlackFideId "2813408"]
[WhiteElo "2392"]
[BlackElo "2676"]
[Result "0-1"]
[Round "1"]
[TimeControl "180+2"]
[Date "2023.07.11"]
[WhiteClock "0:00:00"]
[BlackClock "0:01:10"]
[Board "99"]

1. d4 Nf6 2. g3 c5 3. d5 b5 4. a4 b4 5. c4 d6 6. b3 Bb7 7. Bb2 e5 8. Bg2 g6 9. Nh3 Bg7 10. Nd2 Nbd7 11. O-O O-O 12. Qc2 Qe7 13. Rae1 Rae8 14. e4 Bc8 15. f4 exf4 16. gxf4 Nh5 17. Bxg7 Nxg7 18. Kh1 Nh5 19. e5 dxe5 20. f5 Ndf6 21. fxg6 fxg6 22. Nf3 Bf5 23. Qb2 e4 24. Nh4 Ng4 25. Nxf5 gxf5 26. Nf4 Qh4 27. Bh3 Nxf4 28. Bxg4 fxg4 29. Qd2 g3 30. Rg1 g2+ 31. Rxg2+ Nxg2 32. Kxg2 e3 0-1


[Site "https://www.chess.com"]

[Event "Titled Tuesday Blitz July 11 Early 2023"]
[White "2KRK1"]
[Black "GAO"]
[WhiteElo "2672"]
[BlackElo "2391"]
[Result "1-0"]
[Round "1"]
[TimeControl "180+2"]
[Date "2023.07.11"]
[WhiteClock "0:00:09"]
[BlackClock "0:00:11"]
[Board "100"]

1. Nf3 Nf6 2. b3 d5 3. e3 Bf5 4. Bb2 Nbd7 5. h3 c6 6. g4 Bg6 7. g5 Ne4 8. h4 Bh5 9. Be2 Qc7 10. Nh2 Bxe2 11. Qxe2 e5 12. d3 Qa5+ 13. Nd2 Nxd2 14. Qxd2 Qxd2+ 15. Kxd2 Bd6 16. Ng4 Ke7 17. f4 f6 18. fxe5 fxe5 19. Raf1 Raf8 20. Ke2 Ke6 21. e4 dxe4 22. dxe4 Nc5 23. Ke3 Bc7 24. Ba3 Bb6 25. Bxc5 Bxc5+ 26. Ke2 Rxf1 27. Rxf1 Rf8 28. Rxf8 Bxf8 29. Ne3 g6 30. Kf3 Bc5 31. Ng4 a5 32. a4 Be7 33. Ke3 b5 34. Kd3 Kd6 35. c3 Ke6 36. Nh6 Bf8 37. Ng4 Bg7 38. Ne3 Kd6 39. Ng2 Kc5 40. Ne3 Kd6 41. Ng4 Ke6 42. Ke3 Kd6 43. Nh2 Ke6 44. Kd3 Kd6 45. Nf3 Kc5 46. Nd2 Bf8 47. Nf3 Bg7 48. Ng1 Kd6 49. Ne2 Ke6 50. Nc1 Kd6 51. Na2 Kc5 52. b4+ axb4 53. cxb4+ Kd6 54. a5 c5 55. Kc3 Bf8 56. Nc1 Kc6 57. bxc5 Bxc5 58. Nd3 Bd4+ 59. Kb4 Be3 60. Nxe5+ Kd6 61. Ng4 Bd2+ 62. Kxb5 Be1 63. Nf6 Bxh4 64. Nxh7 Kc7 65. a6 Kb8 66. e5 Bg3 67. e6 Bd6 68. Nf6 Be7 69. Ne4 Ka7 70. Kc6 Kb8 71. Kd7 Ba3 72. e7 Bxe7 73. Kxe7 Ka7 74. Kf6 Kxa6 75. Kxg6 Kb6 76. Kf6 Kc6 77. g6 Kd5 78. g7 Kxe4 79. g8=Q Kd3 80. Qd5+ 1-0


[Site "https://www.chess.com"]

[Event "Titled Tuesday Blitz July 11 Early 2023"]
[White "Romero Ruscalleda, Josep"]
[Black "Kvaloy, Aksel Bu"]
[WhiteFideId "2231859"]
[BlackFideId "1528815"]
[WhiteElo "2390"]
[BlackElo "2667"]
[Result "0-1"]
[Round "1"]
[TimeControl "180+2"]
[Date "2023.07.11"]
[WhiteClock "0:00:10"]
[BlackClock "0:00:15"]
[Board "101"]

1. e4 e5 2. Nf3 Nf6 3. d4 Nxe4 4. Bd3 Nc6 5. Bxe4 d5 6. Nxe5 dxe4 7. Nxc6 bxc6 8. O-O Bd6 9. Nc3 O-O 10. Qh5 Re8 11. Bg5 Qd7 12. Rfe1 Qf5 13. Qh4 h6 14. Bd2 Be6 15. Nxe4 Bd5 16. Nxd6 cxd6 17. c3 Qc2 18. Bf4 Qxb2 19. Qg3 Kh8 20. Bxd6 Qd2 21. Re3 Rxe3 22. Qxe3 Qxe3 23. fxe3 Re8 24. Kf2 Re6 25. Bc5 Rf6+ 26. Kg1 Rg6 27. g3 h5 28. Bxa7 h4 29. Bb8 Re6 30. Bf4 hxg3 31. hxg3 f6 32. Kf2 g5 33. Bc7 Re7 34. Bd6 Rh7 35. g4 Rb7 36. Bb4 f5 37. Kg3 Rf7 38. a4 f4+ 39. exf4 gxf4+ 40. Kf2 Rh7 41. Ke2 Rh2+ 42. Kd3 Rh3+ 43. Kc2 f3 44. Bd6 Bc4 45. Be5+ Kh7 46. a5 f2 47. a6 Bxa6 48. Kd2 f1=Q 49. Rxf1 Bxf1 50. c4 Bxc4 51. g5 Bd5 52. Bf6 Kg6 53. Kc2 Rh5 54. Kd2 Rxg5 55. Bxg5 Kxg5 56. Kc3 Kf5 57. Kb4 Ke4 58. Kc5 Kd3 0-1


[Site "https://www.chess.com"]

[Event "Titled Tuesday Blitz July 11 Early 2023"]
[White "Liyanage, Ranindu Dilshan"]
[Black "Fule, Simon"]
[WhiteFideId "9915834"]
[BlackFideId "787515"]
[WhiteElo "2661"]
[BlackElo "2390"]
[Result "1/2-1/2"]
[Round "1"]
[TimeControl "180+2"]
[Date "2023.07.11"]
[WhiteClock "0:00:07"]
[BlackClock "0:00:06"]
[Board "102"]

1. Nf3 Nf6 2. c4 d6 3. e3 e5 4. b3 g6 5. Bb2 Bg7 6. d3 O-O 7. Be2 Nc6 8. O-O Ne8 9. Nbd2 f5 10. Qc2 Nf6 11. a3 h6 12. d4 e4 13. Ne1 g5 14. f3 exf3 15. Ndxf3 Qe8 16. Qd3 Ne4 17. Nc2 Bd7 18. Rae1 Qg6 19. Ba1 Rae8 20. d5 Ne5 21. Qd1 c5 22. dxc6 bxc6 23. Ncd4 c5 24. Nb5 Ng4 25. Bxg7 Kxg7 26. Qc1 a6 27. Nc7 Rc8 28. Nd5 Bc6 29. Rd1 Bxd5 30. Rxd5 Qe6 31. Bd3 Rce8 32. Re1 Ngf6 33. Qa1 Kg8 34. Bxe4 fxe4 35. Nxg5 hxg5 36. Rxg5+ Kh7 37. Rf1 Rf7 38. Rgf5 Ref8 39. Qd1 Kg6 40. g4 Nd7 41. R5f4 Ne5 42. Qc2 Nd3 43. Rxf7 Rxf7 44. Rxf7 Qxf7 45. Qg2 Qe6 46. h4 Qe5 47. g5 Qa1+ 48. Kh2 Qb2 49. Kh3 Qxg2+ 50. Kxg2 Kh5 51. Kg3 Nc1 52. Kf4 Nxb3 53. Kxe4 Nd2+ 54. Kd5 a5 55. a4 Kg6 56. e4 Kh5 57. Kxd6 Nxe4+ 58. Kd5 Nc3+ 59. Kxc5 Nxa4+ 60. Kb5 Nb2 61. c5 a4 62. Kb4 a3 63. Kxa3 Nc4+ 64. Kb4 Ne5 65. Kb5 Kxh4 66. g6 Nxg6 67. Kc6 Kg5 68. Kd6 Kf6 69. c6 Ne7 70. c7 Kf7 71. Kd7 Kf8 72. Kd8 Kf7 73. Kd7 Kf6 74. Ke8 Ke6 75. Kd8 Kd6 76. c8=Q Nxc8 1/2-1/2


[Site "https://www.chess.com"]

[Event "Titled Tuesday Blitz July 11 Early 2023"]
[White "Ergazakis, Ioannis"]
[Black "Ahmad, Khagan"]
[WhiteFideId "4290976"]
[BlackFideId "13431552"]
[WhiteElo "2389"]
[BlackElo "2660"]
[Result "1-0"]
[Round "1"]
[TimeControl "180+2"]
[Date "2023.07.11"]
[WhiteClock "0:00:07"]
[BlackClock "0:00:00"]
[Board "103"]

1. e4 c5 2. Nf3 d6 3. d4 cxd4 4. Nxd4 Nf6 5. Nc3 a6 6. h3 h5 7. Bg5 Nbd7 8. Qe2 e6 9. O-O-O Be7 10. Kb1 Qc7 11. f4 b5 12. a3 Rb8 13. g3 b4 14. axb4 Rxb4 15. Na2 Rb8 16. Bg2 Bb7 17. Rhe1 Ba8 18. e5 dxe5 19. fxe5 Nd5 20. Bxe7 Kxe7 21. Qxa6 Rhc8 22. Qa3+ Ke8 23. Rd2 N7b6 24. Nb5 Qc6 25. Nd6+ Kd7 26. Nb4 Qc7 27. Na6 Qc6 28. Nxb8+ Rxb8 29. Qa7+ Qc7 30. Qxc7+ Kxc7 31. c4 Nb4 32. Nb5+ Kc8 33. Bxa8 Rxa8 34. Red1 Kb7 35. b3 Rh8 36. Rd8 Rh6 37. Rf8 Rg6 38. Rxf7+ Kc8 39. Na7+ Kb8 40. Rd8+ 1-0


[Site "https://www.chess.com"]

[Event "Titled Tuesday Blitz July 11 Early 2023"]
[White "Fantinel, Thibault"]
[Black "Topalov, Aleksandar"]
[WhiteFideId "663395"]
[BlackFideId "925659"]
[WhiteElo "2655"]
[BlackElo "2388"]
[Result "1-0"]
[Round "1"]
[TimeControl "180+2"]
[Date "2023.07.11"]
[WhiteClock "0:02:02"]
[BlackClock "0:01:29"]
[Board "104"]

1. d4 Nf6 2. Nf3 g6 3. Nc3 d5 4. Bf4 Bg7 5. Nb5 Na6 6. e3 O-O 7. h3 Ne4 8. Be2 c6 9. Nc3 Nxc3 10. bxc3 Nb8 11. O-O Nd7 12. c4 dxc4 13. Bxc4 Nb6 14. Be2 Be6 15. Be5 Nc4 16. Bxg7 Kxg7 17. Qb1 b6 18. Qb4 Qd6 19. Qc3 Na5 20. d5+ 1-0


[Site "https://www.chess.com"]

[Event "Titled Tuesday Blitz July 11 Early 2023"]
[White "Prydun, Andriy"]
[Black "Aslanov, Umid"]
[WhiteFideId "14145898"]
[BlackFideId "13412620"]
[WhiteElo "2387"]
[BlackElo "2654"]
[Result "0-1"]
[Round "1"]
[TimeControl "180+2"]
[Date "2023.07.11"]
[WhiteClock "0:00:21"]
[BlackClock "0:01:28"]
[Board "105"]

1. e4 c5 2. d4 cxd4 3. c3 d3 4. c4 g6 5. Nc3 Bg7 6. Bxd3 Nc6 7. Nf3 d6 8. h3 Nf6 9. O-O O-O 10. Qd2 b6 11. b3 Bb7 12. Bb2 Nd7 13. Rad1 Nce5 14. Be2 Nxf3+ 15. Bxf3 Nc5 16. Rfe1 Re8 17. h4 h5 18. Qc2 e6 19. Rd2 Qxh4 20. Rxd6 Be5 21. Rd2 Qh2+ 22. Kf1 Bf4 23. Rdd1 Rad8 24. Ke2 Be5 25. Bc1 Qh4 26. g3 Qf6 27. Bb2 Nxe4 28. Nxe4 Bxe4 29. Rxd8 Qxf3+ 30. Kf1 Qh1+ 31. Ke2 Bf3+ 0-1


[Site "https://www.chess.com"]

[Event "Titled Tuesday Blitz July 11 Early 2023"]
[White "Komov, Roman"]
[Black "Mayaud, Raphael"]
[WhiteFideId "24175714"]
[BlackFideId "627151"]
[WhiteElo "2651"]
[BlackElo "2386"]
[Result "1-0"]
[Round "1"]
[TimeControl "180+2"]
[Date "2023.07.11"]
[WhiteClock "0:00:38"]
[BlackClock "0:00:01"]
[Board "106"]

1. e4 d5 2. exd5 Qxd5 3. Nc3 Qa5 4. d4 c6 5. Nf3 Nf6 6. Bc4 Bf5 7. O-O e6 8. h3 Be7 9. Nh4 Bg6 10. Nxg6 hxg6 11. Ne2 Nbd7 12. c3 Qc7 13. a4 a5 14. Re1 O-O 15. Nf4 Bd6 16. Qf3 Nd5 17. Nd3 Rfe8 18. Bd2 N7f6 19. h4 Rab8 20. g3 b5 21. Bb3 Nb6 22. axb5 a4 23. Bc2 cxb5 24. Bg5 Be7 25. Ne5 Nc4 26. Nxc4 Qxc4 27. Bxf6 Bxf6 28. h5 gxh5 29. Qxh5 g6 30. Qg4 Kg7 31. Kg2 e5 32. Rad1 exd4 33. Bd3 Qc5 34. cxd4 Bxd4 35. Rxe8 Rxe8 36. Bxg6 Qd5+ 37. Be4+ 1-0


[Site "https://www.chess.com"]

[Event "Titled Tuesday Blitz July 11 Early 2023"]
[White "Barbot, Pierre"]
[Black "Kantans, Toms"]
[WhiteFideId "663727"]
[BlackFideId "11602945"]
[WhiteElo "2382"]
[BlackElo "2651"]
[Result "0-1"]
[Round "1"]
[TimeControl "180+2"]
[Date "2023.07.11"]
[WhiteClock "0:00:00"]
[BlackClock "0:00:13"]
[Board "107"]

1. d4 Nf6 2. c4 g6 3. Nc3 d5 4. cxd5 Nxd5 5. Bd2 Nb6 6. Nf3 Bg7 7. Bf4 O-O 8. e3 c5 9. dxc5 N6d7 10. Rc1 Nc6 11. Bc4 Nxc5 12. O-O Bf5 13. e4 Nxe4 14. Nxe4 Bxe4 15. Qe2 Bf5 16. Rfd1 Qb6 17. b3 Rad8 18. Bd5 e6 19. Be4 Bxe4 20. Qxe4 Rxd1+ 21. Rxd1 Rd8 22. Rxd8+ Qxd8 23. h4 h6 24. g3 a6 25. Kg2 Qd7 26. a3 f5 27. Qe3 Qd5 28. Kh2 Kh7 29. Qc1 e5 0-1


[Site "https://www.chess.com"]

[Event "Titled Tuesday Blitz July 11 Early 2023"]
[White "Bobkov, Vadim"]
[Black "Llanos, Guillermo"]
[WhiteFideId "34110876"]
[BlackFideId "100358"]
[WhiteElo "2650"]
[BlackElo "2381"]
[Result "1-0"]
[Round "1"]
[TimeControl "180+2"]
[Date "2023.07.11"]
[WhiteClock "0:00:02"]
[BlackClock "0:00:00"]
[Board "108"]

1. d4 Nf6 2. c4 b6 3. Nc3 Bb7 4. d5 e6 5. a3 exd5 6. cxd5 g6 7. g3 Bg7 8. Bg2 O-O 9. Nh3 a5 10. O-O Na6 11. d6 Bxg2 12. dxc7 Nxc7 13. Kxg2 d5 14. Bf4 Ne6 15. Be5 d4 16. Bxf6 Bxf6 17. Ne4 Qd5 18. f3 Bg7 19. Nhf2 Rfd8 20. Rc1 f5 21. Nd2 Nc5 22. Nc4 Rab8 23. b4 axb4 24. axb4 Ne6 25. Nd3 Bh6 26. Rc2 b5 27. Na5 Rbc8 28. Qb1 Be3 29. Rd1 h5 30. Qb2 h4 31. Nb3 Rc4 32. Nbc5 Nxc5 33. Nxc5 Rc8 34. Rd3 hxg3 35. hxg3 Rxc2 36. Qxc2 Qc4 37. Qd1 1-0


[Site "https://www.chess.com"]

[Event "Titled Tuesday Blitz July 11 Early 2023"]
[White "Mejia, Cherry Ann"]
[Black "Vypkhaniuk, Ihor"]
[WhiteFideId "5206880"]
[BlackFideId "14112256"]
[WhiteElo "2380"]
[BlackElo "2648"]
[Result "0-1"]
[Round "1"]
[TimeControl "180+2"]
[Date "2023.07.11"]
[WhiteClock "0:00:00"]
[BlackClock "0:00:26"]
[Board "109"]

1. e4 d5 2. exd5 Nf6 3. Bb5+ Bd7 4. Be2 Nxd5 5. d4 Bf5 6. Nf3 e6 7. O-O Be7 8. c4 Nb4 9. Na3 O-O 10. Bd2 a5 11. Bc3 Nd7 12. Qd2 Nf6 13. Rfd1 Ne4 14. Qe3 Nxc3 15. Qxc3 Bf6 16. h3 h6 17. Ne5 c6 18. Qe3 Qc7 19. f4 Rfd8 20. g4 Bh7 21. Bf3 Rf8 22. Rd2 Rad8 23. b3 Be7 24. Rad1 Qb6 25. c5 Qa6 26. Nac4 Nd5 27. Bxd5 Rxd5 28. Rg2 Bxc5 29. Kh2 Qa7 30. Rgd2 Be7 31. Qf3 a4 32. Ne3 Rdd8 33. f5 axb3 34. axb3 Qb6 35. Rd3 Qc7 36. Kg2 Bf6 37. N3c4 Rd5 38. Ne3 Rdd8 39. Qg3 Qd6 40. h4 exf5 41. gxf5 Kh8 42. N3g4 Qd5+ 43. Qf3 Bxh4 44. f6 Bxf6 45. Nxf6 gxf6 46. Qxd5 Rxd5 47. Ng4 Bxd3 0-1


[Site "https://www.chess.com"]

[Event "Titled Tuesday Blitz July 11 Early 2023"]
[White "Lewtak, Damian"]
[Black "Harriott, Tyrell"]
[WhiteFideId "1141724"]
[BlackFideId "2086484"]
[WhiteElo "2646"]
[BlackElo "2380"]
[Result "1-0"]
[Round "1"]
[TimeControl "180+2"]
[Date "2023.07.11"]
[WhiteClock "0:00:07"]
[BlackClock "0:00:00"]
[Board "110"]

1. e4 d5 2. d3 e6 3. Nd2 f5 4. e5 Nh6 5. d4 Nf7 6. c3 c5 7. f4 Nc6 8. Ndf3 cxd4 9. cxd4 Qb6 10. Bd3 Bd7 11. Ne2 Be7 12. O-O O-O 13. a3 a5 14. b3 Kh8 15. Be3 Rg8 16. h4 Nh6 17. Ng5 Raf8 18. Kh1 Ng4 19. Bg1 h6 20. Nf3 g5 21. h5 Be8 22. fxg5 hxg5 23. Ng3 Rf7 24. Nh2 Nh6 25. b4 axb4 26. axb4 Nxb4 27. Bb1 Nc6 28. Ra8 Rh7 29. Bf2 Rhg7 30. Kg1 Bf7 31. Rxg8+ Rxg8 32. Bc2 Ra8 33. Nf3 Ng4 34. Qc1 Nxf2 35. Rxf2 Nxd4 36. Nxg5 Bg8 37. Nh3 Bf8 38. Kh2 Rc8 39. h6 Be7 40. Qe3 Qc5 41. Bd3 Nc6 42. Qf4 Qb6 43. Re2 Qd8 44. Nh5 Qe8 45. Ng7 Qf7 46. Ng5 Qg6 47. Nf3 Bh7 48. Rc2 Rg8 49. Ra2 Bf8 50. Ra8 Qh5+ 51. Kg1 Bxg7 52. Rxg8+ Kxg8 53. hxg7 Kxg7 54. Ng5 Bg6 55. Nxe6+ Kh7 56. Ng5+ Kg7 57. Nf3 Qg4 58. Qc1 Qb4 59. Qa1 Qb6+ 60. Kh2 Qc7 61. Kh1 d4 62. Nxd4 Qxe5 63. Ne6+ Kf6 64. Qa3 Kxe6 65. Bc4+ Kf6 66. Qf8+ 1-0


[Site "https://www.chess.com"]

[Event "Titled Tuesday Blitz July 11 Early 2023"]
[White "Makhmudov, Shukhrat"]
[Black "Perez Candelario, Manuel"]
[WhiteFideId "14200775"]
[BlackFideId "2210622"]
[WhiteElo "2379"]
[BlackElo "2646"]
[Result "0-1"]
[Round "1"]
[TimeControl "180+2"]
[Date "2023.07.11"]
[WhiteClock "0:01:04"]
[BlackClock "0:00:55"]
[Board "111"]

1. e4 c5 2. Nf3 g6 3. d4 cxd4 4. Nxd4 Nc6 5. Nxc6 bxc6 6. Qd4 Nf6 7. e5 Ng8 8. e6 Nf6 9. exd7+ Qxd7 10. Qxd7+ Bxd7 11. g3 Bg7 12. Bg2 O-O 13. O-O Rab8 14. Nd2 Rfd8 15. Nb3 Nd5 16. c3 Be8 17. Re1 e5 18. Bg5 f6 19. Bd2 a5 20. Rab1 Nb6 21. Rbd1 Nc4 22. Bc1 Bf8 23. Bf1 Bf7 24. Be2 a4 25. Na1 Rxd1 26. Rxd1 Nxb2 27. Rd7 Bxa2 28. Rd2 a3 29. Nc2 Bd5 30. Nb4 Bxb4 31. cxb4 Rxb4 32. Rc2 a2 0-1


[Site "https://www.chess.com"]

[Event "Titled Tuesday Blitz July 11 Early 2023"]
[White "Materia, Marco"]
[Black "Garagulya, Konstantin"]
[WhiteFideId "45150451"]
[BlackFideId "4128931"]
[WhiteElo "2646"]
[BlackElo "2378"]
[Result "1-0"]
[Round "1"]
[TimeControl "180+2"]
[Date "2023.07.11"]
[WhiteClock "0:00:50"]
[BlackClock "0:00:00"]
[Board "112"]

1. d4 Nf6 2. c4 e6 3. Nf3 d5 4. Nc3 Be7 5. Bf4 O-O 6. e3 b6 7. Rc1 Bb7 8. cxd5 exd5 9. Be2 c5 10. O-O Nbd7 11. Ne5 a6 12. Bf3 cxd4 13. exd4 Rc8 14. Re1 b5 15. a3 Nb6 16. Nd3 Nc4 17. a4 b4 18. Ne2 Qb6 19. Ng3 Rfe8 20. b3 Na5 21. Rxc8 Bxc8 22. Ne5 Be6 23. Qd3 Rc8 24. Rc1 Rc3 25. Rxc3 bxc3 26. Qxc3 Nxb3 27. Nc6 Bf8 28. a5 Qb5 29. Be2 Qa4 30. Bxa6 Ne4 31. Nxe4 dxe4 32. Bb7 Bd7 33. h3 h6 34. a6 Bxc6 35. Qxc6 Qxd4 36. Qxe4 Qd1+ 37. Kh2 Nc5 38. Qc6 Qa1 39. Qc8 Ne6 40. Bb8 Kh7 41. a7 Bd6+ 42. Bxd6 Qxa7 43. Be4+ g6 44. Be5 Ng7 45. Qf8 1-0


[Site "https://www.chess.com"]

[Event "Titled Tuesday Blitz July 11 Early 2023"]
[White "a-z30"]
[Black "Fiorito, Joaquin"]
[BlackFideId "180173"]
[WhiteElo "2378"]
[BlackElo "2643"]
[Result "1-0"]
[Round "1"]
[TimeControl "180+2"]
[Date "2023.07.11"]
[WhiteClock "0:00:05"]
[BlackClock "0:00:04"]
[Board "113"]

1. d3 d5 2. Nf3 Nf6 3. g3 Bf5 4. Bg2 e6 5. O-O Nc6 6. c4 dxc4 7. dxc4 Qxd1 8. Rxd1 Bc2 9. Rd2 Bg6 10. Nc3 Bb4 11. Nh4 Bxc3 12. bxc3 Nd7 13. Nxg6 hxg6 14. Rb1 Na5 15. Rxb7 Nxb7 16. Bxb7 Rd8 17. Bc6 Rh5 18. Ba3 Ra5 19. Bb4 Ra6 20. Bb5 Rb6 21. a4 a6 22. a5 Rbb8 23. Bc6 f6 24. h4 Rbc8 25. f4 Rb8 26. e4 Rbc8 27. Kg2 Rb8 28. Kf3 Rbc8 29. Kg4 Rb8 30. f5 gxf5+ 31. exf5 e5 32. Kh5 Rxb4 33. cxb4 Ke7 34. Rxd7+ Rxd7 35. Bxd7 Kxd7 36. Kg4 c5 37. b5 axb5 38. cxb5 c4 39. a6 Kc7 40. Kf3 Kb6 41. Ke3 Ka7 42. g4 Kb6 43. g5 Ka7 44. g6 Kb6 45. Ke4 Kc5 46. a7 c3 47. a8=Q c2 48. Qc8+ 1-0


[Site "https://www.chess.com"]